 Dungeon Crawl Stone Soup version 0.27.0-1-g7a089689b8 (webtiles) character file.

Game seed: 3298120725149690562

37 Descartes the Ducker (level 3, -2/17 HPs)
             Began as a Felid Monk on Aug 1, 2021.
             Slain by Edmund (11 damage)
             ... on level 4 of the Dungeon.
             The game lasted 00:02:50 (2962 turns).

Descartes the Ducker (Felid Monk)                   Turns: 2962, Time: 00:02:51

Health: -2/17      AC:  1    Str:  8    XL:     3   Next: 23%
Magic:  4/4        EV: 19    Int: 11    God:
Gold:   174        SH:  0    Dex: 18    Spells: 2/2 levels left
                                        Lives:  0   Deaths: 1

rFire    . . .     SeeInvis +     - Unarmed
rCold    . . .     Faith    .   (shield unavailable)
rNeg     . . .     Spirit   .   (armour unavailable)
rPois    .         Reflect  .   (helmet unavailable)
rElec    .         Harm     .   (cloak unavailable)
rCorr    .         Rampage  .   (gloves unavailable)
Will     .....                  (boots unavailable)
Stlth    +++.......             (no amulet)
HPRegen  0.05/turn              (no ring)
MPRegen  0.09/turn              (no ring)

@: quick
A: very small, claws 1, fangs 3, see invisible, speed 1, shaggy fur 1, stealthy
paws, no weapons or thrown items, no armour, multi-lived
a: no special abilities


You were on level 4 of the Dungeon.
You visited 1 branch of the dungeon, and saw 4 of its levels.

You collected 174 gold pieces.

Inventory:

Jewellery
 c - a ring of fire
Scrolls
 a - a scroll of blinking {unknown}
 b - 4 scrolls of enchant weapon {unknown}
 g - a scroll of noise {unknown}
Potions
 d - a potion of haste {unknown}
 e - a potion of ambrosia {unknown}
 f - 2 potions of curing {unknown}
 h - 2 potions of heal wounds {unknown}


   Skills:
 - Level 3.0 Fighting
 + Level 5.0 Dodging
 * Level 4.4 Stealth
 + Level 3.7 Unarmed Combat


You had 2 spell levels left.
You didn't know any spells.
Your spell library contained the following spells:

 Spells                   Type           Power      Damage    Failure   Level
 Shock                    Conj/Air       0%         1d3       34%         1
 Ensorcelled Hibernation  Hex/Ice        0%         N/A       47%         2
 Spider Form              Tmut/Pois      0%         N/A       71%         3
 Swiftness                Air            0%         N/A       71%         3
 Airstrike                Air            0%         N/A       98%         4
 Shadow Creatures         Summ           N/A        N/A       100%        6


Dungeon Overview and Level Annotations

Branches:
Dungeon (4/15)
 Temple: D:4-7

Altars:

Shops:
D:3 (

Annotations:
D:4 Edmund


Innate Abilities, Weirdness & Mutations

You have sharp claws.
You have razor-sharp teeth.
You have supernaturally acute eyesight. (SInv)
You cover ground quickly. (Speed+)
You are covered in fur. (AC +1)
Your paws help you pounce on unaware monsters.
You are incapable of wielding weapons or throwing items.
You cannot wear armour.
You gain extra lives every three experience levels.


Message History

The hobgoblin misses you.
You scratch the hobgoblin.
The hobgoblin is severely wounded.
The hobgoblin barely misses you.
You claw the hobgoblin!
You kill the hobgoblin!
No target in view!
No target in view!
No target in view!
No target in view!
No target in view!
No target in view!
No target in view!
No target in view!
No target in view!
Found a stone staircase leading up.
Found a leather armour.
There is a stone staircase leading up here.
Found a stone staircase leading down.
An endoplasm comes into view.
Edmund the Younger comes into view.
He is wielding a +0 dire flail of protection.
Found a scythe and a leather armour.
Edmund shouts!
The endoplasm quivers.
The endoplasm misses you.
You barely miss the endoplasm. The endoplasm freezes you.
You are frozen.
You scratch the endoplasm.
The endoplasm is moderately wounded.
The endoplasm hits you.
You barely miss the endoplasm.
The endoplasm is moderately wounded.
The endoplasm freezes you.
You are frozen.
You scratch the endoplasm.
You kill the endoplasm!
Edmund hits you with a +0 dire flail of protection!
Ouch! That really hurt!
You die...

########.####P.....#
.........#. #PP....#
#######..#..#####..#
#..#.. #..# #..#.##
#..# ##.#..## #..#
#.#..)# .#..#
#.#.@##..#..#
##.#.@....#..#
#......#..#..#
#......# #..#
≈≈....#...# #..#
≈≈≈.#..#...# #..#
§≈≈.#..#...# #..#
.§. #..#...# #..#
..# #..#.... #..#
#..#[#... #..#


You could see Edmund.

Vanquished Creatures
  An adder (D:3)
  A worm (D:2)
  4 ball pythons
  7 endoplasms
  5 giant cockroaches
  7 goblins
  7 hobgoblins
  2 jackals (D:2)
  3 quokkas (D:1)
  10 bats
  4 frilled lizards
  6 kobolds
  2 rats
59 creatures vanquished.

Notes
Turn   | Place    | Note
-------+----------+-------------------------------------------
     0 | D:1      | Descartes the Felid Monk began the quest for the Orb.
     0 | D:1      | Reached XP level 1. HP: 10/10 MP: 2/2
   457 | D:1      | Reached XP level 2. HP: 14/14 MP: 3/3
   755 | D:1      | Reached XP level 3. HP: 17/17 MP: 4/4
  1875 | D:2      | Found a faded altar of an unknown god.
  2224 | D:3      | Found Tatyzxol's Antique Weapon Shoppe.
  2690 | D:3      | Reached skill level 5 in Dodging
  2690 | D:3      | Reached XP level 4. HP: 2/21 MP: 5/5
  2691 | D:3      | HP: 1/31 [poisoned by an adder]
  2693 | D:3      | Succumbed to an adder's poison
  2694 | D:3      | Reached XP level 3. HP: 0/25 MP: 4/4
  2694 | D:3      | Noticed a bullfrog
  2694 | D:3      | Noticed a black bear
  2955 | D:4      | Noticed Edmund
  2962 | D:4      | Slain by Edmund

Illustrated notes

Levels and vault maps discovered:
D:1:      minmay_arrival_open_corners, layout_basic
D:2:      layout_basic, ebering_ecumenical_altar_ruins, corexii_shack
D:3:      kennysheep_big_flooded_room, layout_rooms, serial_shops, shop,
          lightli_corner_chamber
D:4:      layout_loops_ring, general_overflow_altar,
          minmay_temple_entry_steel_oval, serial_shops, shop,
          minmay_fountain_box, sigmund_edmund_badplayer

Skill      XL: |  1  2  3 |
---------------+----------+-----
Stealth        | 3 4 |  4.4
Dodging        | 5 |  5.0
Fighting       | |  3.0
Unarmed Combat | |  3.7

Action                   |  1- 3 |  4- 6 || total
-------------------------+-------+-------++-------
Melee: Unarmed           |   159 |       ||   159
       Bite              |    13 |       ||    13
       Punch             |     3 |       ||     3
  Use: Potion            |       |     1 ||     1
 Stab: Sleeping          |    17 |       ||    17
Armor: Skin              |     6 |       ||     6
Dodge: Dodged            |    91 |       ||    91
